 Dungeon Crawl Stone Soup version 0.30-a0-23-ge60ba3568b (webtiles) character file.

Game seed: 17660841795524592054

3201 Shayle the Jinx (level 9, -3/54 HPs)
             Began as a Vampire Enchanter on Aug 25, 2022.
             Was an Initiate of Ashenzari.
             Slain by an orc warrior
             ... wielding a +0 glaive
              (14 damage)
             ... on level 9 of the Dungeon.
             The game lasted 00:30:50 (9537 turns).

Shayle the Jinx (Vampire Enchanter)                 Turns: 9537, Time: 00:30:51

Health: -3/54      AC:  9    Str:  9    XL:     9   Next: 65%
Magic:  17/17      EV: 15    Int: 17    God:    Ashenzari [......]
Gold:   507        SH:  5    Dex: 17    Spells: 8/19 levels left

rFire   . . .      SeeInvis +    c - +9 club (spect)
rCold   + + .      Faith    .    (no shield)
rNeg    + + +      Spirit   .    k - +0 leather armour
rPois   ∞          Reflect  +    s - +1 helmet
rElec   .          Harm     .    m - +1 cloak
rCorr   .          Rampage  .    (no gloves)
Will    .....                    l - +1 pair of boots
Stlth   ++++++....               h - amulet "Stellar Vision" {Reflect SH+5, Bglg, Self} (curse)
HPRegen 0.00/turn                H - ring of flight
MPRegen 0.15/turn                (no ring)

@: flying, bloodless, inhibited regen
A: bloodless, fangs 3, see invisible, vampiric 2
a: Bat Form, Revivify, Renounce Religion, Curse Item, Shatter the Chains


You were on level 9 of the Dungeon.
You worshipped Ashenzari.
Ashenzari was noncommittal.
You visited 2 branches of the dungeon, and saw 11 of its levels.
You also visited: Sewer.

You collected 507 gold pieces.

Inventory:

Hand Weapons
 a - a +1 dagger
 c - a +9 spectral club (weapon)
 p - a +2 dagger of speed
 D - the +7 short sword of Qunob {freeze, rN++}
   (You found it on level 3 of the Dungeon)

   It freezes those it strikes, dealing additional cold damage.
   It can also slow down cold-blooded creatures.
   rN:        It greatly protects you from negative energy.
Missiles
 f - 8 boomerangs (quivered)
 j - 6 javelins
Armour
 b - a +0 robe
 k - a +0 leather armour (worn)
 l - a +1 pair of boots (worn)
 m - a +1 cloak (worn)
 s - a +1 helmet (worn)
 v - the +1 leather armour of Gehenna {-Tele Str+9}
   (You found it on level 2 of the Dungeon)

   Str:       It affects your strength (+9).
   -Tele:     It prevents most forms of teleportation.
Jewellery
 h - the cursed amulet "Stellar Vision" (around neck) {Reflect SH+5, Bglg, Self}
   (You found it on level 1 of the Dungeon)

   [amulet of reflection]

   It reflects blocked missile attacks.
   SH:        It affects your SH (+5).
   It has a curse which improves the following skills: Beguiling: Conjurations,
   Hexes and Translocations.
   Introspection: Fighting and Spellcasting.
 z - a ring of fire
 H - a ring of flight (left hand)
Wands
 q - a wand of polymorph (10)
 x - a wand of flame (37)
Scrolls
 e - 3 scrolls of enchant weapon
 i - 3 scrolls of magic mapping
 n - 2 scrolls of teleportation
 t - 2 scrolls of noise
 y - a scroll of torment {unknown}
 A - 4 scrolls of fear
 E - a scroll of poison {unknown}
 G - a scroll of summoning {unknown}
Potions
 d - a potion of lignification
 g - a potion of might
 o - 2 potions of brilliance
 r - 2 potions of degeneration
 u - 3 potions of curing
 w - 6 potions of haste
 B - 3 potions of mutation
 C - 3 potions of attraction
 F - a potion of cancellation
 K - a potion of berserk rage


   Skills:
 + Level 4.8(5.2) Fighting
 - Level 1.1(3.8) Short Blades
 + Level 5.3(5.4) Long Blades
 + Level 6.6 Dodging
 - Level 8.0 Stealth
 + Level 5.3(5.8) Spellcasting
 + Level 9.1(9.5) Hexes
 + Level 3.3 Ice Magic


You had 8 spell levels left.
You knew the following spells:

 Your Spells              Type           Power      Damage    Failure   Level
a - Ensorcelled Hibernat  Hex/Ice        52%        N/A       1%          2
b - Confusing Touch       Hex            37%        N/A       1%          3
c - Tukima's Dance        Hex            37%        N/A       1%          3
d - Dazzling Flash        Conj/Hex       42%        N/A       8%          3

Your spell library contained the following spells:

 Spells                   Type           Power      Damage    Failure   Level
 Slow                     Hex            100%       N/A       1%          1
 Beastly Appendage        Tmut           8%         N/A       19%         1
 Necrotise                Necr           16%        1d4       19%         1
 Anguish                  Hex/Necr       10%        N/A       26%         4
 Blink                    Tloc           10%        N/A       28%         2
 Scorch                   Fire           8%         2d5       28%         2
 Wereblood                Tmut           4%         N/A       28%         2
 Lesser Beckoning         Tloc           5%         N/A       50%         3
 Spider Form              Tmut/Pois      4%         N/A       50%         3
 Vampiric Draining        Necr           4%         2d6       50%         3
 Flame Wave               Conj/Fire      5%         2d5       88%         4
 Summon Lightning Spire   Summ/Air       4%         N/A       88%         4
 Agony                    Necr           4%         N/A       99%         5
 Manifold Assault         Tloc           5%         N/A       99%         5
 Summon Cactus Giant      Summ           2%         N/A       100%        6
 Storm Form               Tmut/Air       2%         N/A       100%        7
 Maxwell's Capacitive Co  Air            2%         ∞         100%        8


Dungeon Overview and Level Annotations

Branches:
Dungeon (10/15)            Temple (1/1) D:5           Sewer (visited)
   Lair: D:8-11         Orc: D:9-12

Altars:
Ashenzari
Cheibriados
Dithmenos
Fedhas
Gozag
Hepliaklqana
Kikubaaqudgha
Makhleb
Nemelex Xobeh
Okawaru
Qazlal
Ru
Sif Muna
Trog
Uskayaw
Vehumet
Wu Jian
Xom
Yredelemnul
Jiyva


Innate Abilities, Weirdness & Mutations

You do not regenerate when monsters are visible.
You are frail without blood (-20% HP).
You can heal yourself when you bite living creatures.
You are immune to poison.
You have razor-sharp teeth.
You have supernaturally acute eyesight. (SInv)
You are afflicted with vampirism and can become a bat while bloodless.


Message History

The orc is almost dead.
Your +9 spectral club hits the orc!
You kill the orc!
There is a stone staircase leading up here.
Things that are here:
a +0 mace; a +0 leather armour; an orc corpse You fly upwards.
You hear the roar of battle.
There is an entrance to a bailey on this level.
Hurry and find it before the portal closes forever!
The orc closely misses you. The orc warrior barely misses you.
There is a stone staircase leading down here.
The orc hits you with a +0 club.
* * * LOW HITPOINT WARNING * * *
The orc warrior misses you.
Unknown command.
You feel much better. The orc hits you but does no damage.
The orc warrior closely misses you.
You barely miss the orc warrior.
Your +9 spectral club hits the orc warrior but does no damage.
The orc barely misses you.
The orc warrior hits you with a +0 glaive!
You hit the orc warrior.
The orc warrior is lightly wounded.
Your +9 spectral club completely misses the orc warrior.
The orc barely misses you. The orc warrior misses you.
The orc warrior hits you with a +0 glaive!
The orc barely misses you.
You hit the orc warrior but do no damage.
The orc warrior is lightly wounded.
Your +9 spectral club hits the orc warrior!
The orc hits you with a +0 club.
The orc warrior hits your +9 spectral club with a +0 glaive!
Your spectral weapon shares its damage with you!
* * * LOW HITPOINT WARNING * * *
You hit the orc warrior.
You bite the orc warrior, but do no damage.
The orc warrior is severely wounded.
Your +9 spectral club hits the orc warrior but does no damage.
The orc warrior hits you with a +0 glaive!
You die...

#........ #........
#........ #########
#........ #.......#
#........ #.......#
#........
#.......###........
#....o.o(.'........
#....>@..##)...§...
#.......###########
##..#.########
.....#........#
####..#........#
#..#........#
...#........######
....#.............#
....##.###..))....#


You could see an orc warrior, an orc and a friendly +9 spectral club (summoned).

Vanquished Creatures
  Psyche (D:9)
  A steam dragon (D:8)
  Menkaure (D:7)
  3 water moccasins
  2 orc warriors (D:9)
  An ice beast (D:7)
  2 ogres
  2 centaurs
  2 phantoms
  A scorpion (D:5)
  4 bullfrogs
  2 howler monkeys (D:6)
  A jelly (D:6)
  4 hounds
  6 orc priests
  Ijyb (D:2)
  2 gnoll boudas
  2 iguanas
  7 orc wizards
  Natasha (thrice) (D:2)
  15 gnolls
  17 adders
  7 river rats
  A shadow imp (D:6)
  2 white imps
  An ufetubus (D:4)
  4 worms
  24 orcs
  24 ball pythons
  12 bats
  11 endoplasms
  14 goblins
  8 hobgoblins
  4 jackals
  3 quokkas
  9 frilled lizards
  8 kobolds
  35 rats
247 creatures vanquished.

Vanquished Creatures (others)
  An orc (D:9)
1 creature vanquished.

Grand Total: 248 creatures vanquished

Notes
Turn   | Place    | Note
-------+----------+-------------------------------------------
     0 | D:1      | Shayle the Vampire Enchanter began the quest for the Orb.
     0 | D:1      | Reached XP level 1. HP: 13/13 MP: 3/3
   128 | D:1      | Reached XP level 2. HP: 18/19 MP: 5/5
   391 | D:1      | Reached skill level 1 in Long Blades
   409 | D:1      | Learned a level 2 spell: Ensorcelled Hibernation
   615 | D:1      | Gained mutation: You are afflicted with vampirism and can
                  | become a bat while bloodless. [Vampire growth]
   615 | D:1      | Reached XP level 3. HP: 25/25 MP: 6/6
  1033 | D:2      | Reached skill level 5 in Stealth
  1184 | D:2      | Reached skill level 1 in Fighting
  1193 | D:2      | Noticed Ijyb
  1209 | D:2      | Killed Ijyb
  1210 | D:2      | Reached skill level 5 in Hexes
  1210 | D:2      | Reached XP level 4. HP: 23/25 MP: 7/7
  1295 | D:2      | Noticed Natasha
  1298 | D:2      | Killed Natasha
  1317 | D:2      | Noticed Natasha
  1498 | D:2      | Reached XP level 5. HP: 29/29 MP: 9/9
  1600 | D:2      | Identified the +1 leather armour of Gehenna {-Tele Str+9}
  1874 | D:3      | Found an ancient bone altar of Kikubaaqudgha.
  2085 | D:3      | Found a glowing drain.
  2090 | Sewer    | Entered a sewer
  2489 | Sewer    | Reached XP level 6. HP: 25/35 MP: 10/10
  3047 | D:3      | Reached skill level 6 in Hexes
  3336 | D:3      | Found a burning altar of Makhleb.
  3561 | D:3      | Identified the +7 short sword of Qunob {freeze, rN++}
  3617 | D:3      | Reached XP level 7. HP: 40/40 MP: 12/12
  3663 | D:3      | Found a faded altar of an unknown god.
  4862 | D:2      | Killed Natasha
  5392 | D:2      | Noticed Natasha
  5407 | D:2      | Killed Natasha
  5462 | D:5      | Entered Level 5 of the Dungeon
  5525 | D:5      | Reached skill level 7 in Hexes
  5525 | D:5      | Reached XP level 8. HP: 40/46 MP: 12/14
  5529 | D:5      | Learned a level 3 spell: Confusing Touch
  5533 | D:5      | Learned a level 3 spell: Tukima's Dance
  5537 | D:5      | Learned a level 3 spell: Dazzling Flash
  5582 | D:5      | Found a staircase to the Ecumenical Temple.
  5589 | Temple   | Entered the Ecumenical Temple
  5752 | D:5      | Found an ornate altar of the Wu Jian Council.
  5794 | D:5      | Found a broken altar of Ashenzari.
  6758 | D:5      | Became a worshipper of Ashenzari the Shackled
  6804 | D:6      | Found a shadowy altar of Dithmenos.
  6892 | D:6      | Reached skill level 5 in Dodging
  7108 | D:6      | Found a hide-covered altar of Uskayaw.
  8217 | D:6      | Found a shimmering altar of Xom.
  8351 | D:6      | Reached skill level 1 in Ice Magic
  8459 | D:7      | Reached skill level 8 in Hexes
  8481 | D:7      | Found an opulent altar of Gozag.
  8732 | D:7      | Reached XP level 9. HP: 52/52 MP: 16/16
  8913 | D:7      | Noticed Menkaure
  8924 | D:7      | Killed Menkaure
  8925 | D:7      | Reached skill level 5 in Spellcasting
  8952 | D:7      | Found a hazy altar of Hepliaklqana.
  9275 | D:9      | Reached skill level 5 in Long Blades
  9455 | D:9      | Noticed Psyche
  9468 | D:9      | Killed Psyche
  9469 | D:9      | Reached skill level 9 in Hexes
  9526 | D:10     | Entered Level 10 of the Dungeon
  9537 | D:9      | Slain by an orc warrior

Illustrated notes

Levels and vault maps discovered:
D:1:      dpeg_arrival_round_a, layout_basic
D:2:      kennysheep_the_goblin_king, layout_loops_cross, uniq_natasha
D:3:      kb_forest_paths, layout_basic, gammafunk_temple_overflow_statue,
          lemuel_doored_altar, lightli_sewer_entry_pipes,
          ebering_ecumenical_altar_rust
D:4:      layout_loops_ring, elyvilon_altar_5,
          amcnicky_mini_rare_corridor_liquid
D:5:      layout_loops_ring, nicolae_ashenzari_panopticon,
          mainiacjoe_overflow_boulevard, minmay_temple_entry_junction_2,
          minmay_misc_feat_roman, kennysheep_opposing_triangles
D:6:      layout_loops_corners, xom_butterflies, grunt_dithmenos_shadows,
          mainiacjoe_overflow_alcove_1, minmay_misc_feat_rugged,
          dreamdust_wishing_well
D:7:      layout_loops_cross, mainiacjoe_overflow_24_doors,
          worldfamousw_hep_ancestral_shrine, uniq_menkaure
D:8:      layout_basic
D:9:      minmay_bloctagon, layout_basic, gammafunk_ghost_hydra_chop,
          enter_bailey_2, uniq_psyche, uniq_pikel
D:10:     layout_irregular_city, serial_rivers, chequers_serial_rivers_small_a,
          chequers_serial_rivers_marsh, chequers_serial_rivers_marsh,
          chequers_serial_rivers_small_3, uniq_sonja, uniq_josephine,
          uniq_harold
Temple:   pf_slime_end_temple

Skill      XL: |  1  2  3  4  5  6  7  8  9 |
---------------+----------------------------+-----
Long Blades    | 1 2 3 4 5 |  5.3
Stealth        | 5 6 7 8 |  8.0
Fighting       | 1 2 3 4 |  4.8
Hexes          | 5 6 7 8 9 |  9.1
Dodging        | 3 4 5 6 |  6.6
Spellcasting   | 3 4 5 |  5.3
Ice Magic      | 1 3 |  3.3
Short Blades   | |  1.1

Action                   |  1- 3 |  4- 6 |  7- 9 || total
-------------------------+-------+-------+-------++-------
Melee: Dagger            |   131 |       |       ||   131
       Bite              |     7 |     5 |    21 ||    33
       Punch             |     1 |     1 |       ||     2
       Club              |       |   158 |   197 ||   355
 Cast: Ensorcelled Hiber |     4 |       |       ||     4
Invok: Curse Item        |       |       |     1 ||     1
 Abil: Exsanguinate      |     1 |       |       ||     1
  Use: Potion            |     2 |     3 |     1 ||     6
       Scroll            |       |       |    19 ||    19
 Stab: Sleeping          |     4 |    19 |    24 ||    47
       Invisible         |     3 |       |       ||     3
       Distracted        |       |     1 |     4 ||     5
Armor: Robe              |    12 |       |       ||    12
       Leather armour    |    20 |    59 |    56 ||   135
Dodge: Dodged            |    90 |   120 |   130 ||   340
Block: Other             |     7 |    47 |    53 ||   107
       Reflection        |     2 |       |     1 ||     3

Table legend: (Time is in decaauts)
 A = Elapsed time spent in this place.
 B = Non-inter-level travel time spent in this place.
 C = Inter-level travel time spent in this place.
 D = Time resting spent in this place.
 E = Time spent auto-exploring this place.
 F = Levels seen in this place.
 G = Mean time per level.
                   A        B        C        D        E       F      G
               +--------+--------+--------+--------+--------+-----+--------+
         Total |   9705 |   8579 |   1126 |   1662 |   4445 |  12 |  808.8 |
       Dungeon |   8592 |   7478 |   1114 |   1061 |   4323 |  10 |  859.2 |
        Temple |    131 |    119 |     12 |      0 |    106 |   1 |  131.0 |
         Sewer |    981 |    981 |      0 |    601 |     15 |   1 |  981.0 |
               +--------+--------+--------+--------+--------+-----+--------+

Top non-repeatable levels by time:
     D:6: 1551 daAuts
     D:2: 1425 daAuts
     D:3: 1372 daAuts
     D:5: 1270 daAuts
     D:1: 996 daAuts
   Sewer: 981 daAuts
     D:4: 808 daAuts
     D:7: 736 daAuts
     D:9: 392 daAuts
  Temple: 131 daAuts
     D:8: 33 daAuts
    D:10: 5 daAuts
